 Dungeon Crawl Stone Soup version 0.29-a0-414-g5075937ec3 (webtiles) character file.

Game seed: 2373698832402368654

103 Zwerchau the Insei (level 4, -7/36 HPs)
             Began as a Draconian Transmuter on May 16, 2022.
             Mangled by a gnoll
             ... wielding a +0 halberd
              (16 damage)
             ... on level 3 of the Dungeon.
             The game lasted 00:53:11 (3623 turns).

Zwerchau the Insei (Draconian Transmuter)           Turns: 3623, Time: 00:53:12

Health: -7/36      AC:  5    Str: 12    XL:     4   Next: 51%
Magic:  4/7        EV: 12    Int: 14    God:
Gold:   100        SH:  0    Dex: 13    Spells: 5/8 levels left

rFire   . . .      SeeInvis .   h - +2 whip (holy)
rCold   . . .      Faith    .   (no shield)
rNeg    . . .      Spirit   .   (body armour unavailable)
rPois   .          Reflect  .   (helmet currently unavailable)
rElec   .          Harm     .   (no cloak)
rCorr   .          Rampage  .   (no gloves)
Will    .....                   (boots currently unavailable)
Stlth   +.........              (no amulet)
HPRegen 0.12/turn               (no ring)
MPRegen 0.10/turn               (no ring)

@: appendages (expiring), wereblooded
A: horns 2, talons 2, AC +5, unfitting armour, cold-blooded
a: End Transformation


You were on level 3 of the Dungeon.
You had temporarily grown beastly horns and talons.
You visited 1 branch of the dungeon, and saw 3 of its levels.

You collected 100 gold pieces.

Inventory:

Hand Weapons
 c - a +0 hunting sling
 h - a +2 whip of holy wrath (weapon)
 m - a +0 whip
 n - a +1 war axe of electrocution
Missiles
 g - 6 poisoned darts
 k - 10 stones
Armour
 f - a +0 robe
 i - a +0 ring mail
Wands
 o - a wand of iceblast (8) (quivered)
Scrolls
 d - a scroll of amnesia {unknown}
 e - a scroll of vulnerability {unknown}
 l - 2 scrolls of enchant armour
Potions
 a - a potion of lignification
 b - a potion of curing
 j - 2 potions of haste


   Skills:
 * Level 2.0 Fighting
 * Level 0.5 Throwing
 * Level 2.6 Dodging
 + Level 3.5 Unarmed Combat
 + Level 2.6 Spellcasting
 + Level 2.5 Transmutations


You had 5 spell levels left.
You knew the following spells:

 Your Spells              Type           Power      Damage    Failure   Level
a - Beastly Appendage     Tmut           18%        N/A       8%          1
b - Wereblood             Tmut           9%         N/A       12%         2

Your spell library contained the following spells:

 Spells                   Type           Power      Damage    Failure   Level
 Animate Skeleton         Necr           2%         N/A       22%         1
 Apportation              Tloc           2%         N/A       22%         1
 Summon Small Mammal      Summ           4%         N/A       22%         1
 Corpse Rot               Necr/Air       2%         N/A       34%         2
 Poisonous Vapours        Pois/Air       2%         N/A       34%         2
 Spider Form              Tmut/Pois      5%         N/A       36%         3
 Ice Form                 Ice/Tmut       5%         N/A       78%         4


Dungeon Overview and Level Annotations

Branches:
Dungeon (3/15)

Altars:
Okawaru


Innate Abilities, Weirdness & Mutations

You have temporarily grown beastly horns and talons.
Your plain brown scales are hard. (AC +5)
You cannot fit into any form of body armour.
You are cold-blooded and may be slowed by cold attacks.


Message History

You miss the bat.
Your tail-slap misses the bat.
The bat closely misses you. The bat hits you but does no damage.
You barely miss the bat. The bat misses you.
The bat hits you but does no damage.
You whack the bat!
You kill the bat!
Found a chain mail.
A gnoll comes into view. It is wielding a +0 halberd.
A gnoll comes into view. It is wielding a +0 club.
There are monsters nearby!
A rat and a gnoll come into view.
The gnoll shouts!
You hear a shout!
Casting: Beastly Appendage (safe; 8% risk of failure)
Confirm with . or Enter, or press ? or * to list all spells.
Your blood is infused with primal strength.
Casting: Wereblood (safe; 12% risk of failure)
Confirm with . or Enter, or press ? or * to list all spells.
You grow a pair of large bovine horns.
Your feet morph into talons.
The gnoll misses you. The gnoll barely misses you. The rat barely misses you.
You hit the gnoll. You claw the gnoll.
The gnoll is severely wounded.
The gnoll hits you with a +0 halberd! The rat bites you.
You hit the gnoll. Your headbutt misses the gnoll.
The gnoll is almost dead.
Your transformation is almost over.
The gnoll hits you but does no damage. The gnoll closely misses you.
The rat closely misses you. The gnoll hits you with a +0 halberd!
The rat bites you. The gnoll closely misses you.
You hit the gnoll but do no damage. Your headbutt misses the gnoll.
Your tail-slap misses the gnoll.
The gnoll is almost dead.
The gnoll hits you with a +0 club. The gnoll barely misses you.
The rat misses you.
You hit the gnoll. You claw the gnoll, but do no damage.
The gnoll is almost dead.
The gnoll hits you with a +0 club.
* * * LOW HITPOINT WARNING * * *
The gnoll hits you with a +0 halberd!
You die...

##............. ##....†.>.......
##### ##########.....#.....#...
....#####... ..)#................
###.<..##.#####.#........#.#.....
###.............)................
#......##÷#####.#........#.#.....
#.#.#.###.).÷...#g.............##
....### #####...@g.....#.....#.#
....# #.###r##.#.........# ...##
#. #.##.#.#####...# #.## #.
#......# #...# #.# . ####.###
#...# ... #.# ...# .... #.# ..
..... #.. ......


You could see 2 gnolls and a rat.

Vanquished Creatures
  An orc wizard (D:3)
  An adder (D:2)
  6 orcs
  10 bats
  7 endoplasms
  A giant cockroach (D:1)
  4 goblins
  6 hobgoblins
  6 kobolds
  5 quokkas
  6 ball pythons
  A frilled lizard (D:1)
  3 rats
  A spectral goblin (D:2)
58 creatures vanquished.

Notes
Turn   | Place    | Note
-------+----------+-------------------------------------------
     0 | D:1      | Zwerchau the Draconian Transmuter began the quest for the
                  | Orb.
     0 | D:1      | Reached XP level 1. HP: 16/16 MP: 3/3
   629 | D:1      | Reached XP level 2. HP: 23/23 MP: 5/5
  1260 | D:1      | Learned a level 2 spell: Wereblood
  2188 | D:2      | Reached XP level 3. HP: 27/28 MP: 4/6
  2209 | D:2      | Found an iron altar of Okawaru.
  2500 | D:2      | Found a faded altar of an unknown god.
  3273 | D:3      | Reached XP level 4. HP: 22/36 MP: 4/7
  3623 | D:3      | Mangled by a gnoll

Illustrated notes

Levels and vault maps discovered:
D:1:      minmay_arrival_widening_spiral_wide, layout_basic
D:2:      layout_loops_corners, dreamdust_ecumenical_altar_drowned_temple,
          basic_altar
D:3:      layout_loops_cross, st_stairs_2

Skill      XL: |  1  2  3 |
---------------+----------+-----
Dodging        | 2 |  2.6
Fighting       | 2 |  2.0
Throwing       | |  0.5
Unarmed Combat | |  3.5
Spellcasting   | |  2.6
Transmutations | |  2.5

Action                   |  1- 3 |  4- 6 || total
-------------------------+-------+-------++-------
Melee: Unarmed           |    54 |       ||    54
       Tailslap          |    13 |     2 ||    15
       Punch             |     2 |     1 ||     3
       Whip              |   110 |    35 ||   145
       Kick              |     9 |     6 ||    15
       Headbutt          |     6 |     3 ||     9
 Cast: Beastly Appendage |    16 |     5 ||    21
       Wereblood         |     9 |     3 ||    12
  Use: Scroll            |     7 |       ||     7
 Stab: Sleeping          |     2 |       ||     2
Armor: Skin              |    65 |    20 ||    85
Dodge: Dodged            |   123 |    42 ||   165

Table legend: (Time is in decaauts)
 A = Elapsed time spent in this place.
 B = Non-inter-level travel time spent in this place.
 C = Inter-level travel time spent in this place.
 D = Time resting spent in this place.
 E = Time spent auto-exploring this place.
 F = Levels seen in this place.
 G = Mean time per level.
                   A        B        C        D        E       F      G
               +--------+--------+--------+--------+--------+-----+--------+
         Total |   3639 |   3639 |      0 |   1486 |    473 |   3 | 1213.0 |
       Dungeon |   3639 |   3639 |      0 |   1486 |    473 |   3 | 1213.0 |
               +--------+--------+--------+--------+--------+-----+--------+

Top non-repeatable levels by time:
     D:1: 2044 daAuts
     D:2: 1217 daAuts
     D:3: 377 daAuts
